 Dungeon Crawl Stone Soup version 0.29.1-13-g9f3cf754e1 (webtiles) character file.

Game seed: 16417649278163244107

70 jbradecamp the Changer (level 4, 0/32 HPs)
             Began as a Merfolk Transmuter on Jan 26, 2023.
             Slain by an iguana (10 damage)
             ... on level 5 of the Dungeon.
             The game lasted 00:27:01 (1556 turns).

jbradecamp the Changer (Merfolk Transmuter)         Turns: 1556, Time: 00:27:02

Health: 0/32       AC:  3    Str: 10    XL:     4   Next: 22%
Magic:  6/7        EV: 13    Int: 14    God:
Gold:   60         SH:  0    Dex: 14    Spells: 0/8 levels left

rFire   . . .      SeeInvis .     - Unarmed
rCold   . . .      Faith    .   (no shield)
rNeg    . . .      Spirit   .   a - +0 robe
rPois   .          Reflect  .   (helmet currently unavailable)
rElec   .          Harm     .   (no cloak)
rCorr   .          Rampage  .   e - +0 pair of gloves
Will    .....                   (boots currently unavailable)
Stlth   +.........              (no amulet)
HPRegen 0.10/turn               (no ring)
MPRegen 0.10/turn               (no ring)

@: appendages
A: horns 2, (nimble swimmer 2), mertail
a: End Transformation


You were on level 5 of the Dungeon.
You had temporarily grown beastly horns.
You visited 1 branch of the dungeon, and saw 4 of its levels.

You collected 60 gold pieces.

Inventory:

Hand Weapons
 c - a +2 whip of electrocution
Armour
 a - a +0 robe (worn)
 e - a +0 pair of gloves (worn)
Scrolls
 d - a scroll of enchant weapon {unknown}
 f - a scroll of fear {unknown}
 g - a scroll of amnesia
 h - a scroll of identify {unknown}
 i - 2 scrolls of teleportation
 k - a scroll of immolation
 m - a scroll of torment {unknown}
Potions
 b - a potion of lignification
 j - a potion of attraction {unknown}
 l - a potion of heal wounds {unknown}


   Skills:
 + Level 1.1 Fighting
 + Level 3.2 Dodging
 + Level 0.2 Stealth
 + Level 3.6 Unarmed Combat
 * Level 2.6 Spellcasting
 * Level 4.4 Transmutations


You couldn't memorise any spells.
You knew the following spells:

 Your Spells              Type           Power      Damage    Failure   Level
a - Beastly Appendage     Tmut           28%        N/A       3%          1
b - Ice Form              Ice/Tmut       8%         N/A       65%         4
c - Spider Form           Tmut/Pois      8%         N/A       26%         3

Your spell library contained the following spells:

 Spells                   Type           Power      Damage    Failure   Level
 Wereblood                Tmut           14%        N/A       5%          2
 Necrotise                Necr           4%         1d4       22%         1
 Poisonous Vapours        Pois/Air       2%         N/A       34%         2
 Vampiric Draining        Necr           1%         2d6       56%         3
 Corpse Rot               Necr/Pois/Air  1%         N/A       92%         4
 Agony                    Necr           1%         N/A       99%         5


Dungeon Overview and Level Annotations

Branches:
Dungeon (5/15)
 Temple: D:4-7

Altars:

Portals:
Ossuary: D:5

Annotations:
D:2 1 runed translucent door, Crazy Yiuf


Innate Abilities, Weirdness & Mutations

You have temporarily grown beastly horns.
((You are very nimble when in or above water. (Stealth+, EV+, Speed+++)))
Your lower body shifts to a powerful aquatic tail in water.


Message History

You add the spells Necrotise, Vampiric Draining and Agony to your library.
k - 2 scrolls labelled BEFUKOMOOS (gained 1)
There are no items here.
This spell is quite dangerous to cast!
Memorise Spider Form, consuming 3 spell levels and leaving 0?
You start memorising the spell.
You continue memorising. x3
You finish memorising.
Spell assigned to 'c'.
There is a stone staircase leading down here.
Found a scroll labelled MOXKOKACZ ZUIGH.
m - a scroll labelled MOXKOKACZ ZUIGH
As you read the scroll labelled BEFUKOMOOS, it crumbles to dust.
The air around you briefly surges with heat, but it dissipates.
It was a scroll of immolation.
Found a scroll of teleportation.
You hear the brisk hiss of a distant avalanche of sand.
i - 2 scrolls of teleportation (gained 1)
Found a stone staircase leading up.
There is a stone staircase leading down here.
An iguana comes into view.
Casting: Beastly Appendage (safe; 3% risk of failure)
Press: ? - help, Q - select action Dir - look around, f - activate You grow a pair of large bovine horns.
The iguana hisses angrily.
You hit the iguana but do no damage. The iguana misses you.
You hit the iguana but do no damage. You headbutt the iguana.
The iguana is lightly wounded.
The iguana bites you!
You hit the iguana but do no damage. Your punch misses the iguana.
The iguana is lightly wounded.
The iguana bites you!
You hit the iguana. Your headbutt misses the iguana.
Your punch misses the iguana.
The iguana is lightly wounded.
The iguana bites you.
You hit the iguana but do no damage.
The iguana is lightly wounded.
You hit the iguana but do no damage.
The iguana is lightly wounded.
The iguana bites you!
You die...

...........#
..##########.## .
#.#....# #.# ..
#.#....# #.# #.
#.#....# #.#
..####.#....# #.#
...#.#....#####.#
######.#l#..........#
#.....>.@......######
#.######.#....##
#####.### #.#....#
#.......####.##......
#..........#.##.......
#........#.#.##.......
#........#.#.##.......
#........#.#.# .......
#####+##.#.#


You could see an iguana.

Vanquished Creatures
  An iguana (D:5)
  An adder (D:3)
  2 dart slugs
  An orc (D:5)
  A ball python (D:3)
  4 bats
  3 endoplasms
  A giant cockroach (D:2)
  2 goblins (D:2)
  2 hobgoblins (D:2)
  2 quokkas
  3 frilled lizards
  3 kobolds (D:3)
  2 rats (D:1)
28 creatures vanquished.

Notes
Turn   | Place    | Note
-------+----------+-------------------------------------------
     0 | D:1      | jbradecamp the Merfolk Transmuter began the quest for the
                  | Orb.
     0 | D:1      | Reached XP level 1. HP: 15/15 MP: 3/3
   357 | D:1      | Reached skill level 3 in Transmutations
   533 | D:1      | Reached XP level 2. HP: 21/21 MP: 3/5
   741 | D:2      | Found a runed translucent door.
   742 | D:2      | Noticed Crazy Yiuf
  1075 | D:3      | Reached XP level 3. HP: 26/26 MP: 4/6
  1108 | D:3      | Reached skill level 4 in Transmutations
  1256 | D:3      | You fall into a shaft and drop 2 floors!
  1256 | D:5      | Entered Level 5 of the Dungeon
  1256 | D:5      | Found a sand-covered staircase.
  1282 | D:5      | Reached XP level 4. HP: 16/32 MP: 7/7
  1287 | D:5      | Learned a level 4 spell: Ice Form
  1483 | D:5      | Learned a level 3 spell: Spider Form
  1556 | D:5      | Slain by an iguana

Illustrated notes

Levels and vault maps discovered:
D:1:      beargit_arrival_diablo_church, layout_basic,
          shapermc_ecumenical_altar_ellora
D:2:      layout_rooms, minmay_three_crescents, uniq_crazy_yiuf_cottage
D:3:      layout_basic, minmay_ruptured
D:5:      layout_basic, grunt_temple_overflow_open,
          minmay_temple_entry_junction, nicolae_ossuary_entry_monument,
          uniq_grinder

Skill      XL: |  1  2  3 |
---------------+----------+-----
Transmutations | 3 4 |  4.4
Dodging        | 3 |  3.2
Fighting       | |  1.1
Stealth        | |  0.2
Unarmed Combat | |  3.6
Spellcasting   | |  2.6

Action                   |  1- 3 |  4- 6 || total
-------------------------+-------+-------++-------
Melee: Unarmed           |    70 |    16 ||    86
       Headbutt          |     9 |     3 ||    12
       Punch             |     1 |     1 ||     2
 Cast: Beastly Appendage |    20 |     3 ||    23
  Use: Scroll            |     3 |     1 ||     4
 Stab: Sleeping          |     1 |       ||     1
Armor: Robe              |    13 |     2 ||    15
Dodge: Dodged            |    40 |     7 ||    47
